 Dungeon Crawl Stone Soup version 0.22-a0-571-g4a923d4b9e (webtiles) character file.

28 Lentor the Cudgeler (level 2, 0/27 HPs)
             Began as a Minotaur Berserker on July 1, 2018.
             Was a Believer of Trog.
             Slain by an adder (3 damage)
             ... on level 2 of the Dungeon.
             The game lasted 00:01:25 (974 turns).

Lentor the Cudgeler (Minotaur Berserker)             Turns: 974, Time: 00:01:25

Health: 0/27       AC:  3    Str: 21    XL:     2   Next: 96%
Magic:  1/1        EV: 12    Int:  4    God:    Trog [**....]
Gold:   59         SH:  0    Dex:  9    Spells: 1/1 levels left

rFire    . . .     SeeInvis .   a - +0 mace
rCold    . . .     Gourm    .   (no shield)
rNeg     . . .     Faith    .   b - +0 animal skin
rPois    .         Spirit   .   (helmet restricted)
rElec    .         Reflect  .   (no cloak)
rCorr    .         Harm     .   (no gloves)
MR       .....                  i - +0 pair of boots
Stlth    +.........             (no amulet)
HPRegen  0.09/turn              (no ring)
MPRegen  0.07/turn              (no ring)

@: berserk cooldown, slowed, very slow
A: retaliatory headbutt, horns 2
a: Berserk, Trog's Hand, Renounce Religion


You were on level 2 of the Dungeon.
You worshipped Trog.
Trog was pleased with you.
You were hungry.

You visited 1 branch of the dungeon, and saw 2 of its levels.

You collected 59 gold pieces.

Inventory:

Hand Weapons
 a - a +0 mace (weapon)
Armour
 b - a +0 animal skin (worn)
 i - a +0 pair of boots (worn)
Jewellery
 k - an uncursed ring of protection from fire {unknown}
Scrolls
 f - 2 scrolls of amnesia {unknown}
 h - a scroll of identify {unknown}
Potions
 d - a potion of magic {unknown}
 e - 2 potions of degeneration {unknown}
 g - 4 potions of cancellation {unknown}
 j - a potion of flight {unknown}
Comestibles
 c - 2 rations


   Skills:
 + Level 4.1 Fighting
 + Level 4.4 Maces & Flails
 + Level 2.5 Armour
 + Level 2.4 Dodging


You had one spell level left.
You didn't know any spells.
Your spell library was empty.

Dungeon Overview and Level Annotations

Branches:
Dungeon (2/15)

Altars:


Innate Abilities, Weirdness & Mutations

You reflexively headbutt those who attack you in melee.
You have a pair of horns on your head.


Message History

You are feeling hungry.
The gnoll hits you with a flail.
* * * LOW HITPOINT WARNING * * *
The gnoll closely misses you. The gnoll hits you.
* * * LOW HITPOINT WARNING * * *
You feel a strong urge to attack something.
The adder bites you.
* * * LOW HITPOINT WARNING * * *
You barely miss the adder. The adder barely misses you.
You closely miss the adder. Your headbutt misses the adder.
The adder bites you but does no damage.
You closely miss the adder.
You are no longer berserk.
You are exhausted.
You feel yourself slow down. The adder closely misses you.
You furiously retaliate!
You headbutt the adder! You closely miss the adder.
The adder is almost dead.
The adder bites you.
You die...

..# ..# # #.# .###.
#.# ..>..####.######
...............#
.....#.##.####.#
#....g#.# #.#
#....gS@####.#####..
#...(.##(..(<.......
#......#.###.#####..
#......#.# #.#
#.>......# #.#
#......... ...
#......... ...
#####.##.# ###


You could see 2 gnolls and an adder.

Vanquished Creatures
  2 dart slugs (D:1)
  A leopard gecko (D:1)
  2 bats (D:1)
  2 giant cockroaches (D:1)
  4 goblins (D:1)
  3 hobgoblins (D:1)
  3 kobolds (D:1)
  2 frilled lizards (D:1)
  3 rats (D:1)
22 creatures vanquished.

Notes
Turn   | Place    | Note
-------+----------+-------------------------------------------
     0 | D:1      | Lentor the Minotaur Berserker began the quest for the Orb.
     0 | D:1      | Reached XP level 1. HP: 19/19 MP: 0/0
   288 | D:1      | Reached XP level 2. HP: 19/27 MP: 1/1
   834 | D:1      | Reached ** piety under Trog
   974 | D:2      | Slain by an adder

Vault maps used:
D:1:      scummos_arrival_forest, minivault_27

Skill      XL: |  1  2 |
---------------+-------+-----
Maces & Flails | 4 |  4.4
Fighting       | 4 |  4.1
Armour         | |  2.5
Dodging        | |  2.4

Action                   || total
-------------------------++-------
Melee: Mace              ||    56
       Headbutt          ||     8
Invok: Berserk           ||     2
  Eat: Chunk             ||     1
Armor: Animal skin       ||     5
Dodge: Dodged            ||    39

Table legend:
 A = Spawn XP
 B = Non-spawn XP
 C = Spawn XP percentage of total XP
 D = Spawn monster count
 E = Non-spawn monster count
 F = Spawn count percentage of total count
 G = Total turns spent on level
                    A         B        C        D         E        F      G
               +---------+---------+-------+---------+---------+-------+---------
         Total |       0 |      40 |   0.0 |       0 |      22 |   0.0 |   974
               +---------+---------+-------+---------+---------+-------+---------
           D:1 |       0 |      40 |   0.0 |       0 |      22 |   0.0 |   955
               +---------+---------+-------+---------+---------+-------+---------
